 Dungeon Crawl Stone Soup version 0.28.0 (webtiles) character file.

Game seed: 15955875285011700720

44 SnakkuSnakku7 the Sneak (level 3, -1/26 HPs)
             Began as a Vampire Fire Elementalist on Feb 14, 2022.
             Succumbed to an adder's poison
             ... on level 2 of the Dungeon.
             The game lasted 00:01:40 (875 turns).

SnakkuSnakku7 the Sneak (Vampire Fire Elementalist)  Turns: 875, Time: 00:01:41

Health: -1/26      AC:  9    Str:  9    XL:     3   Next: 41%
Magic:  6/6        EV:  4    Int: 17    God:
Gold:   39         SH:  0    Dex: 14    Spells: 5/6 levels left

rFire   . . .      SeeInvis +   e - +0 short sword (venom)
rCold   . . .      Faith    +   (no shield)
rNeg    . . .      Spirit   .   c - +0 chain mail
rPois   .          Reflect  .   (no helmet)
rElec   .          Harm     .   d - +0 cloak
rCorr   .          Rampage  .   (no gloves)
Will    .....                   (no boots)
Stlth   ..........              g - amulet of faith
HPRegen 0.28/turn               (no ring)
MPRegen 0.10/turn               (no ring)

@: lethally poisoned (-1 -> -5), healing quickly
A: alive, fangs 3, see invisible, vampiric 2
a: Exsanguinate


You were on level 2 of the Dungeon.
You visited 1 branch of the dungeon, and saw 2 of its levels.

You collected 39 gold pieces.

Inventory:

Hand Weapons
 e - a +0 short sword of venom (weapon)
Armour
 a - a +0 robe
 c - a +0 chain mail (worn)
 d - a +0 cloak (worn)
Jewellery
 g - an amulet of faith (around neck)
Scrolls
 b - a scroll of identify
 f - a scroll of enchant weapon


   Skills:
 + Level 1.3 Fighting
 - Level 2.1 Dodging
 - Level 3.0 Stealth
 - Level 2.8 Unarmed Combat
 - Level 2.0 Spellcasting
 - Level 0.6 Conjurations
 - Level 2.4 Fire Magic


You had 5 spell levels left.
You knew the following spells:

 Your Spells              Type           Power      Damage    Failure   Level
a - Foxfire               Conj/Fire      24%        2x1d5     100%        1

Your spell library contained the following spells:

 Spells                   Type           Power      Damage    Failure   Level
 Scorch                   Fire           18%        2d5       100%        2
 Conjure Flame            Conj/Fire      6%         6-21      100%        3
 Inner Flame              Hex/Fire       5%         N/A       100%        3
 Flame Wave               Conj/Fire      6%         2d5       100%        4


Dungeon Overview and Level Annotations

Branches:
Dungeon (2/15)

Altars:

Annotations:
D:2 Natasha


Innate Abilities, Weirdness & Mutations

Your natural rate of healing is accelerated.
You have razor-sharp teeth.
You have supernaturally acute eyesight. (SInv)
You are afflicted with vampirism and can become a bat while bloodless.


Message History

Natasha claws you but does no damage.
You climb upwards.
There is a stone staircase leading down here.
You start waiting.
You feel yourself speed up.
You climb downwards.
Level annotation: Natasha The adder hisses angrily.
The adder bites you.
You are poisoned.
The adder poisons you! The adder bites you but does no damage.
There is a stone staircase leading up here.
You feel sick. The adder bites you.
Natasha stares at you and mumbles some strange words.
The magic dart hits you!
You feel sick.
Natasha growls.
Natasha claws you.
* * * LOW HITPOINT WARNING * * *
You feel sick. The adder bites you.
* * * LOW HITPOINT WARNING * * *
You aren't carrying any potions.
Unknown command.
Unknown command.
As you read the scroll labelled RAIMOE DOECA, it crumbles to dust.
It is a scroll of identify.
f - a scroll of enchant weapon
* * * LOW HITPOINT WARNING * * *
You feel sick. The adder barely misses you.
You hit the adder.
The adder is poisoned.
You bite the adder, but do no damage.
The adder is moderately wounded.
* * * LOW HITPOINT WARNING * * *
You feel sick.
You are no longer poisoned.
The adder bites you but does no damage. The adder bites you.
* * * LOW HITPOINT WARNING * * *
You are lethally poisoned!
The adder poisons you!
You die...

#..# #.###.# #..#
.....# .# ...
..[.### . #.#
#.....# #.#
####.#####.....##.#
............#.....#
.###.#####...<.#..
#.# #.....#.# #.#
###.#h#@# #.#
##.#.#.#
#.######..h.S.#
#...........###
#######..#### #..#
#.†# #..# #..#


You could see an adder (very poisoned).

Vanquished Creatures
  A gnoll (D:1)
  An adder (D:2)
  2 dart slugs (D:1)
  3 ball pythons
  A goblin (D:1)
  2 hobgoblins (D:1)
  4 jackals (D:1)
  2 kobolds (D:1)
  2 bats
  A frilled lizard (D:1)
  2 rats
21 creatures vanquished.

Vanquished Creatures (others)
  17 foxfires (D:1)
  A fungus (D:1)
  5 plants (D:1)
23 creatures vanquished.

Grand Total: 44 creatures vanquished

Notes
Turn   | Place    | Note
-------+----------+-------------------------------------------
     0 | D:1      | SnakkuSnakku7 the Vampire Fire Elementalist began the quest
                  | for the Orb.
     0 | D:1      | Reached XP level 1. HP: 13/13 MP: 3/3
   128 | D:1      | Reached skill level 1 in Unarmed Combat
   143 | D:1      | Found a faded altar of an unknown god.
   217 | D:1      | Reached XP level 2. HP: 19/19 MP: 5/5
   463 | D:1      | Gained mutation: You are afflicted with vampirism and can
                  | become a bat while bloodless. [Vampire growth]
   463 | D:1      | Reached XP level 3. HP: 17/25 MP: 6/6
   733 | D:2      | Reached skill level 1 in Fighting
   737 | D:2      | Noticed Natasha
   872 | D:2      | HP: 1/26 [poisoned by an adder]
   875 | D:2      | Succumbed to an adder's poison

Illustrated notes

Levels and vault maps discovered:
D:1:      scummos_arrival_hexagon, layout_loops_ring,
          shapermc_ecumenical_altar_mp_ritualfount,
          chequers_serial_rivers_micro_c, chequers_arboretum,
          serial_park_tiny_pond
D:2:      layout_loops_ring, minmay_misc_feat_doors, nicolae_shop_unique_rings,
          uniq_terence, uniq_natasha

Skill      XL: |  1  2  3 |
---------------+----------+-----
Unarmed Combat | 1 2 |  2.8
Fighting       | 1 |  1.3
Dodging        | |  2.1
Stealth        | |  3.0
Spellcasting   | |  2.0
Conjurations   | |  0.6
Fire Magic     | |  2.4

Action                   || total
-------------------------++-------
Melee: Unarmed           ||    34
       Bite              ||     7
       Punch             ||     1
       Short sword       ||    32
 Cast: Foxfire           ||    12
  Use: Scroll            ||     1
 Stab: Sleeping          ||     2
Armor: Robe              ||    19
       Chain mail        ||    15
Dodge: Dodged            ||    41
